 Dungeon Crawl Stone Soup version bcrawl-1.39.1 (webtiles) character file.

Game seed: 12589250230485840480

604879 yrara the Bludgeoner (level 16, -6/127 HPs)
             Began as a Demonspawn Fighter on Oct 3, 2023.
             Was an Initiate of Gozag.
             Killed from afar by Nikola (45 damage)
             ... with a bolt of lightning
             ... on level 2 of the Swamp.
             The game lasted 00:26:58 (23476 turns).

yrara the Bludgeoner (Demonspawn Fighter)          Turns: 23476, Time: 00:26:58

Health: -6/127     AC: 27    Str: 24    XL:     16   Next: 66%
Magic:  0/23       EV:  9    Int: 12    God:    Gozag
Gold:   149        SH:  2    Dex: 15    Spells: 15/15 levels left

rFire    + + .     GDR:     36% a - +2 morningstar (drain)
rCold    + + .     SeeInvis +   (no shield)
rNeg     . . .     Gourm    .   I - +2 gold dragon scales
rPois    +         Faith    .   Z - +2 helmet {SInv}
rElec    .         Spirit   +   m - scarf {rC+ rF+}
rCorr    .         Reflect  +   D - +2 pair of gloves
MR       +....     Clarity  +   (boots unavailable)
Stlth    ..........             F - +2 amulet of reflection
HPRegen  0.31/turn              N - +5 ring of strength
MPRegen  0.36/turn              p - ring of magical power

@: studying Ice Magic
A: talons 3, repulsion field 1, clarity, low mp 1, poison resistance, spiny 3,
magic shield, magic regeneration
a: Potion Petition, Call Merchant, Bribe Branch, Renounce Religion


You were on level 2 of the Swamp.
You worshipped Gozag.
Gozag was aware of your devotion.
You were not hungry.

You visited 5 branches of the dungeon, and saw 22 of its levels.
You also visited: Bailey and Ice Cave.

You collected 8710 gold pieces.
You spent 3713 gold pieces at shops.
You paid 4848 gold pieces to Gozag.

Inventory:

Hand Weapons
 a - a +2 morningstar of draining (weapon)
 b - the +9 shortbow "Xoiracka" {seek, rPois Str+6}
   (You found it in an ice cave)

   Its attacks will magically seek out their targets, allowing even novice users
   to hit as often as a master.
   It affects your strength (+6).
   It protects you from poison.
Missiles
 f - 1398 arrows
 q - 2 throwing nets {=f}
Armour
 c - a +1 medium shield
 m - a scarf of resistance (worn)
 u - the +7 chain mail "Otreuh" {rElec}
   (You bought it in a shop on level 6 of the Dungeon)

   It insulates you from electricity.
 D - a +2 pair of gloves (worn)
 I - +2 gold dragon scales (worn)
 Z - a +2 helmet of see invisible (worn)
Jewellery
 d - a +4 ring of intelligence
 p - a ring of magical power (right hand)
 x - the ring of Divine Intervention {*Corrode +Fly rElec rPois}
   (You found it on level 8 of the Dungeon)

   [ring of flight]

   It insulates you from electricity.
   It protects you from poison.
   It lets you fly.
   It may corrode you when you take damage.
 y - an uncursed ring of poison resistance
 B - an uncursed ring of flight
 F - a +2 amulet of reflection (around neck)
 N - a +5 ring of strength (left hand)
 O - a cursed ring of fire
 Q - an uncursed ring of see invisible
 R - an uncursed ring of stealth
 W - an uncursed ring of positive energy
 X - an uncursed ring of wizardry
Wands
 G - a wand of paralysis (23)
 H - a wand of polymorph (34)
 K - a wand of digging (22)
 M - a wand of flame (19)
 Y - a wand of disintegration (11)
Scrolls
 i - a scroll of identify
 r - 4 scrolls of teleportation
 s - 6 scrolls of enchant weapon
 v - 4 scrolls of amnesia
 w - a scroll of revelation
 A - 9 scrolls of remove curse
 C - 4 scrolls of fog
 J - 3 scrolls of summoning
 T - 2 scrolls of blinking
 U - a scroll of fear
Potions
 g - a potion of haste
 h - 4 potions of brilliance
 j - 9 potions of curing
 l - 4 potions of cancellation
 n - 6 potions of flight
 o - 4 potions of heal wounds
 t - 2 potions of agility
 z - 2 potions of invisibility
 E - 2 potions of magic
 V - 2 potions of mutation
Miscellaneous
 k - a lamp of fire
 L - a sack of spiders
 P - a phial of floods
 S - a phantom mirror
Comestibles
 e - 9 rations {!d}


   Skills:
 + Level 12.0 Fighting
 * Level 16.9 Maces & Flails
 * Level 11.5 Bows
 + Level 11.5 Armour
 + Level 4.7 Dodging
 + Level 4.1 Stealth
 - Level 2.6 Shields


You had 15 spell levels left.
You didn't know any spells.
Your spell library contained the following spells:

 Spells                   Type           Power        Failure   Level  Hunger
 Apportation              Tloc           #.....       100%        1    None
 Beastly Appendage        Tmut           #.....       100%        1    None
 Corona                   Hex            #......      100%        1    None
 Infusion                 Chrm           #.......     100%        1    None
 Sandblast                Erth           #.....       100%        1    None
 Slow                     Hex            #.......     100%        1    None
 Summon Butterflies       Summ           #.......     100%        1    None
 Passwall                 Tmut/Erth      #.......     100%        2    ####...
 Sticks to Snakes         Tmut           #.......     100%        2    ####...
 Spider Form              Tmut/Pois      #..          100%        3    #####..
 Stone Arrow              Conj/Erth      #.....       100%        3    #####..
 Ice Form                 Ice/Tmut       #.......     100%        4    ######.
 Petrify                  Tmut/Erth      #.........   100%        4    ######.
 Blade Hands              Tmut           #.........   100%        5    #######
 Iskenderun's Battlesphe  Conj/Chrm      #.......     100%        5    #######
 Lee's Rapid Deconstruct  Erth           #.........   100%        5    #######
 Metabolic Englaciation   Hex/Ice        #.........   100%        5    #######
 Piercing Shot            Chrm           #.........   100%        5    #######
 Steam Barrier            Chrm/Fire      #.........   100%        5    #######
 Infestation              Hex/Tmut/Pois  #........    100%        6    #######
 Discord                  Hex            #.........   100%        7    #######
 Mana Rupture             Conj/Hex       #.........   100%        7    #######
 Time Stop                Chrm/Tloc      N/A          100%        8    #######


Dungeon Overview and Level Annotations

Branches:
Dungeon (12/12)            Temple (1/1) D:4            Lair (6/6) D:8
  Swamp (2/3) Lair:4       Shoals (0/3) Lair:2        Slime (0/5) Orc
    Orc (1/1) D:11            Elf (0/3) Lair:5       Vaults (0/3) D:11
 Depths (0/5) D:12

Altars:
Ashenzari
Cheibriados
Dithmenos
Fedhas
Gozag
Hepliaklqana
Lugonu
Nemelex Xobeh
Qazlal
Trog
Uskayaw
Vehumet
Xom
Yredelemnul
Jiyva

Shops:
D:6 [([   D:7 ?   D:8 [(   D:9 [   D:11 (   Orc ([(*   Lair:3 =   Lair:5 (
Lair:6 [

Annotations:
D:7 1 runed translucent door, yrara's ghost, novice DsFi
Swamp:2 Nikola


Innate Abilities, Weirdness & Mutations

You have claws for feet.
You are surrounded by a mild repulsion field. (EV +2)
You are completely covered in sharp spines.
When hurt, damage is shared between your health and your magic reserves.
You regenerate magic rapidly.
You possess an exceptional clarity of mind.
Your magical capacity is low. (-10% MP)
Your system is resistant to poisons. (rPois)


Message History

You feel much better.
Nikola yells, "Danger!
Danger!
High voltage!"
Firing (i - inventory. (/) - cycle)
f - 1399 arrows (quivered)
Press: ? - help, Shift-Dir - straight line, f/p - Nikola
Aim: Nikola, wielding a +4 rapier of distortion, wearing a +0 cloak and wearing a +0 pair of gloves (moderately wounded, deflecting missiles)
You shoot an arrow. The arrow closely misses Nikola.
Nikola gestures at you while chanting. The bolt of lightning hits you!!
* * * LOW HITPOINT WARNING * * *
You sense an unholy aura.
a - a +2 morningstar of draining (weapon)
Nikola blinks!
You enter the shallow water.
Moving in this stuff is going to be slow.
Nikola yells, "Danger!
Danger!
High voltage!"
You see here 18 gold pieces.
Nikola casts a spell at you. The bolt of lightning hits you!!!
You die...
Your body crumbles into a pile of gold.

≈♣.≈.♣ ≈≈...♣
≈≈≈≈..........≈
..≈≈♣♣
≈≈...≈≈≈≈≈≈≈≈≈≈≈
≈≈.≈≈♣
≈...≈≈≈≈≈≈≈≈≈≈≈≈
≈..≈♣♣
...≈≈≈..≈≈≈≈≈.≈
.≈♣♣♣
♣.≈≈...≈≈≈≈≈≈.
≈.♣♣ ≈
♣≈.§≈..≈≈≈.≈≈≈.
≈≈.♣
≈.♣≈≈@≈.≈≈≈..≈≈≈≈
≈≈.♣♣♣ ♣.≈≈≈≈@.≈♣
≈≈≈ .≈≈.≈♣♣♣
♣.≈≈≈≈$.♣♣♣♣≈.
.≈≈≈♣≈.♣
♣..≈≈≈≈.♣♣≈≈♣
≈≈≈.♣≈♣♣
♣≈.≈≈≈.$♣≈.≈♣
♣♣♣♣♣♣♣
♣♣..≈.)♣♣≈≈.♣ ♣
♣≈.≈≈$.$≈≈.♣ ≈.≈
♣ ♣♣§≈≈≈§≈..♣♣
♣..♣ ♣♣ ♣♣♣♣♣
♣.≈≈≈≈≈≈♣♣♣♣..♣♣♣
≈♣ ♣≈..♣♣
♣≈≈.....♣♣.?.≈≈≈≈


You could see Nikola.

Vanquished Creatures
  Gastronok (Lair:2)
  Rupert (D:12)
  Jorgrun (D:12)
  A thorn hunter (Swamp:2)
  Donald (Swamp:2)
  An orc warlord (Orc)
  The ghost of yrara the Severer, a journeyman DsFi of Gozag (Lair:5)
  A dire elephant (Lair:6)
  Snorg (Orc)
  A yaktaur captain (D:12)
  10 hydras
  An ice dragon (Lair:6)
  2 catoblepae (Lair:6)
  An anaconda (Lair:6)
  An ogre mage (D:11)
  7 death yaks
  5 two-headed ogres
  An orc high priest (Orc)
  A centaur warrior (D:12)
  2 goliath frogs
  3 spriggans
  A spriggan druid (Swamp:2)
  A swamp dragon (Swamp:2)
  A lindwurm (Lair:6)
  A wizard (D:10)
  A cyclops (D:11)
  A wolf spider zombie (D:11)
  3 orc knights (Orc)
  5 harpies (D:12)
  The ghost of yrara the Cudgeler, a novice DsFi (D:5)
  2 manticores (Lair:6)
  7 slime creatures
  2 ugly things (IceCv)
  7 black mambas
  2 elephants (Lair:6)
  3 ice statues (IceCv)
  5 gargoyles
  A torpor snail (Lair:6)
  6 cane toads
  6 rime drakes (Lair:6)
  10 komodo dragons
  2 ice devils (Lair:3)
  A yaktaur (D:12)
  5 trolls
  2 tengu conjurers (D:11)
  9 polar bears (Lair:6)
  4 hornets
  2 bog bodies
  8 tyrant leeches
  3 raiju (Lair:6)
  Prince Ribbit (Lair:1)
  A meliai zombie (D:10)
  A snapping turtle (Lair:2)
  16 dream sheep
  21 blink frogs
  6 hippogriffs
  2 wyverns
  A wraith (D:10)
  A vampire (D:9)
  2 basilisks
  2 steam dragons
  12 vampire mosquitoes
  A hungry ghost (D:7)
  52 yaks
  A death yak simulacrum (Lair:6)
  8 swamp worms
  12 hell hounds (Lair:6)
  8 wargs
  7 crocodiles
  6 water moccasins
  5 porcupines
  27 orc warriors
  14 black bears
  A hornet zombie (D:10)
  A swamp drake (Swamp:2)
  9 ice beasts
  A sky beast (D:8)
  7 ogres
  30 wolves
  A necrophage (D:10)
  3 phantoms
  19 bullfrogs
  An elf zombie (D:10)
  Blork the orc (D:6)
  A gnoll sergeant (D:9)
  A cane toad simulacrum (Lair:6)
  A centaur (D:4)
  A water moccasin zombie (D:7)
  5 scorpions
  A water moccasin skeleton (D:10)
  3 killer bees (D:10)
  9 wights
  An electric eel (Lair:1)
  3 howler monkeys
  21 orc priests
  A crimson imp (D:10)
  2 komodo dragon simulacra (Lair:6)
  3 bullfrog zombies
  6 hounds
  2 human zombies (D:10)
  3 jellies
  A bullfrog skeleton (D:7)
  Jessica (D:2)
  3 iguanas
  A human skeleton (D:10)
  21 orc wizards
  9 worker ants
  A porcupine skeleton (D:7)
  A hound zombie (D:7)
  A hound skeleton (D:9)
  3 mummies (D:10)
  3 worker ant zombies
  8 gnolls
  A howler monkey skeleton (D:5)
  13 adders
  A river rat (Lair:4)
  A river rat (shapeshifter) (D:11)
  3 shadow imps
  An ooze (D:1)
  An adder zombie (D:7)
  A worm (D:2)
  4 dart slugs
  5 leopard geckos
  95 orcs
  A ball python (D:2)
  3 giant cockroaches
  12 goblins
  11 hobgoblins
  19 jackals
  16 kobolds
  3 quokkas
  A bat (D:2)
  5 frilled lizards
  2 orc zombies (D:10)
  2 quokka skeletons
  A quokka zombie (D:5)
  A rat (D:1)
  A spectral kobold (D:3)
  A spectral orc (D:4)
749 creatures vanquished.

Vanquished Creatures (others)
  A bush (Lair:6)
  19 fungi (Lair:6)
  28 plants
  2 withered plants (D:7)
50 creatures vanquished.

Grand Total: 799 creatures vanquished

Notes
Turn   | Place    | Note
-------+----------+-------------------------------------------
     0 | D:1      | yrara the Demonspawn Fighter began the quest for the Orb.
     0 | D:1      | Reached XP level 1. HP: 18/18 MP: 1/1
   222 | D:1      | Gained mutation: You have sharp toenails. [demonic
                  | ancestry]
   222 | D:1      | Reached XP level 2. HP: 24/24 MP: 2/2
   236 | D:1      | Reached skill level 2 in Maces & Flails
   745 | D:1      | Gained mutation: You are partially covered in sharp spines.
                  | [demonic ancestry]
   745 | D:1      | Reached XP level 3. HP: 29/29 MP: 3/3
  1042 | D:2      | Noticed Jessica
  1047 | D:2      | Killed Jessica
  1048 | D:2      | Reached skill level 3 in Maces & Flails
  1048 | D:2      | Gained mutation: When hurt, damage is shared between your
                  | health and your magic reserves. [demonic ancestry]
  1048 | D:2      | Reached XP level 4. HP: 34/35 MP: 4/4
  1802 | D:3      | Reached skill level 4 in Maces & Flails
  1802 | D:3      | Gained mutation: You are surrounded by a mild repulsion
                  | field. (EV +2) [demonic ancestry]
  1802 | D:3      | Reached XP level 5. HP: 30/41 MP: 5/5
  1911 | D:3      | Found a hazy altar of Hepliaklqana.
  2399 | D:4      | Gained mutation: You are mostly covered in sharp spines.
                  | [demonic ancestry]
  2399 | D:4      | Reached XP level 6. HP: 45/48 MP: 6/6
  2426 | D:4      | Reached skill level 5 in Maces & Flails
  2469 | D:4      | Noticed an orc warrior
  2477 | D:4      | Killed an orc warrior
  2549 | D:4      | Found a staircase to the Ecumenical Temple.
  2792 | D:4      | Reached skill level 1 in Bows
  2792 | D:4      | Reached XP level 7. HP: 51/53 MP: 7/7
  2903 | D:4      | Found a basalt altar of Yredelemnul.
  3011 | Temple   | Entered the Ecumenical Temple
  3235 | Temple   | Became a worshipper of Gozag Ym Sagoz the Greedy
  3289 | D:5      | Entered Level 5 of the Dungeon
  3311 | D:5      | Found a runed translucent gate.
  3311 | D:5      | Found a runed translucent gate.
  3312 | D:5      | Found an opulent altar of Gozag.
  3312 | D:5      | Found a runed translucent gate.
  3325 | D:5      | Reached skill level 6 in Maces & Flails
  3330 | D:5      | Noticed a yak
  3559 | D:5      | Reached skill level 1 in Dodging
  3703 | D:5      | Noticed yrara's ghost (novice DsFi)
  4060 | D:5      | Killed a yak
  4061 | D:5      | Reached skill level 7 in Maces & Flails
  4061 | D:5      | Reached XP level 8. HP: 51/60 MP: 8/8
  4072 | D:5      | Killed yrara's ghost
  4073 | D:5      | Reached skill level 1 in Stealth
  4080 | D:5      | Reached skill level 8 in Maces & Flails
  4168 | D:6      | Noticed a hippogriff
  4170 | D:6      | Noticed Blork the orc
  4176 | D:6      | Killed a hippogriff
  4184 | D:6      | Killed Blork the orc
  4292 | D:6      | Found Hacyb's Antique Weapon Emporium.
  4318 | D:6      | Found Giylu's Armour Boutique.
  4506 | D:6      | Gained mutation: You have razor-sharp toenails. [demonic
                  | ancestry]
  4506 | D:6      | Reached XP level 9. HP: 56/66 MP: 9/9
  4574 | D:6      | Found Efeucwuk's Antique Armour Shop.
  4671 | D:7      | Reached skill level 5 in Armour
  4785 | D:7      | Found Uciajuc's Magic Scroll Shop.
  4813 | D:7      | Reached skill level 9 in Maces & Flails
  4824 | D:7      | Reached skill level 5 in Fighting
  4890 | D:7      | Noticed a troll
  4899 | D:7      | Killed a troll
  4931 | D:6      | Bought the +7 chain mail "Otreuh" {rElec} for 802 gold
                  | pieces
  5083 | D:7      | Noticed a troll
  5093 | D:7      | Killed a troll
  5216 | D:7      | Found a runed translucent door.
  5220 | D:7      | Noticed yrara's ghost (novice DsFi)
  5409 | D:7      | Found a roughly hewn altar of Beogh.
  5488 | D:7      | Bought a scroll of identify for 22 gold pieces
  5488 | D:7      | Bought a scroll of identify for 22 gold pieces
  5488 | D:7      | Bought a scroll of identify for 22 gold pieces
  5507 | D:8      | Reached skill level 10 in Maces & Flails
  5542 | D:8      | Reached XP level 10. HP: 50/74 MP: 10/10
  5609 | D:8      | Got a scorched glass ring
  5614 | D:8      | Found a shimmering altar of Xom.
  5629 | D:8      | Found a flagged portal.
  5638 | Bailey   | Entered a bailey
  5814 | Bailey   | Found a burning altar of Makhleb.
  5877 | Bailey   | Identified the ring of Divine Intervention {*Corrode +Fly
                  | rElec rPois} (You found it on level 8 of the Dungeon)
  6326 | D:8      | Noticed a two-headed ogre
  6343 | D:8      | Killed a two-headed ogre
  6344 | D:8      | Reached skill level 5 in Bows
  6360 | D:8      | Found a staircase to the Lair.
  6818 | D:9      | Bought a shiny helmet for 262 gold pieces
  6888 | D:9      | Got a bone quarterstaff
  7102 | D:9      | Reached skill level 11 in Maces & Flails
  7274 | D:9      | Gained mutation: You are completely covered in sharp
                  | spines. [demonic ancestry]
  7274 | D:9      | Reached XP level 11. HP: 82/83 MP: 11/11
  7409 | D:10     | Entered Level 10 of the Dungeon
  8063 | D:10     | Noticed a wizard
  8075 | D:10     | Killed a wizard
  8395 | D:10     | Noticed a four-headed hydra
  8404 | D:10     | Killed a four-headed hydra
  8405 | D:10     | Reached skill level 12 in Maces & Flails
  8457 | D:10     | Found a basalt altar of Yredelemnul.
  8716 | D:11     | Noticed an ogre mage
  8716 | D:11     | Noticed a two-headed ogre
  8854 | D:11     | Noticed a cyclops
  8858 | D:10     | Killed a two-headed ogre
  8963 | D:11     | Found a roughly hewn altar of Beogh.
  8963 | D:11     | Found a staircase to the Orcish Mines.
  8970 | D:11     | Killed an ogre mage
  9058 | D:11     | Killed a cyclops
  9141 | D:11     | Noticed a seven-headed hydra
  9150 | D:11     | Killed a seven-headed hydra
  9151 | D:11     | Reached XP level 12. HP: 73/92 MP: 12/12
  9184 | D:11     | Found a snail-covered altar of Cheibriados.
  9204 | D:11     | Found a gate to the Vaults.
  9236 | D:11     | Noticed a two-headed ogre
  9244 | D:11     | Killed a two-headed ogre
  9245 | D:11     | Reached skill level 13 in Maces & Flails
  9500 | D:11     | Noticed a two-headed ogre
  9507 | D:11     | Killed a two-headed ogre
 10273 | D:11     | Bought a glowing shortbow for 198 gold pieces
 10383 | Lair:1   | Entered Level 1 of the Lair of Beasts
 10383 | Lair:1   | Noticed Prince Ribbit
 10387 | Lair:1   | Noticed a four-headed hydra
 10399 | Lair:1   | Killed a four-headed hydra
 10414 | Lair:1   | Killed Prince Ribbit
 11094 | Lair:1   | Reached skill level 14 in Maces & Flails
 11751 | Lair:2   | Noticed Gastronok
 11764 | Lair:2   | Killed Gastronok
 11765 | Lair:2   | Reached XP level 13. HP: 67/101 MP: 13/13
 12140 | Lair:2   | Found a staircase to the Shoals.
 12431 | Lair:3   | Found a frozen archway.
 12485 | IceCv    | Entered an ice cave
 12839 | IceCv    | HP: 5/101 [white ugly thing (13)]
 13048 | IceCv    | Got a masterwork shortbow
 13083 | IceCv    | Identified the +9 shortbow "Xoiracka" {seek, rPois Str+6}
                  | (You found it in an ice cave)
 13954 | Lair:3   | Bought a +5 ring of strength for 289 gold pieces
 14336 | Lair:4   | Found a staircase to the Swamp.
 14627 | Lair:4   | Reached skill level 15 in Maces & Flails
 15298 | Lair:5   | Found a staircase to the Elven Halls.
 15367 | Lair:5   | Reached XP level 14. HP: 28/109 MP: 3/14
 15685 | Lair:5   | Reached skill level 10 in Fighting
 15987 | Lair:6   | Entered Level 6 of the Lair of Beasts
 16038 | Lair:6   | Reached skill level 10 in Armour
 16528 | Lair:6   | Found a runed translucent gate.
 16529 | Lair:6   | Found a runed translucent gate.
 16530 | Lair:6   | Found a runed translucent gate.
 16541 | Lair:6   | Noticed yrara's ghost (journeyman DsFi)
 18261 | Lair:6   | Reached skill level 10 in Bows
 18543 | Lair:6   | Reached skill level 16 in Maces & Flails
 18543 | Lair:6   | Reached XP level 15. HP: 118/118 MP: 15/15
 18567 | Lair:6   | Bought a +2 helmet of see invisible for 344 gold pieces
 18825 | Lair:5   | Killed yrara's ghost
 18826 | Lair:5   | Gained mutation: You regenerate magic rapidly. [demonic
                  | ancestry]
 18826 | Lair:5   | Reached XP level 16. HP: 43/125 MP: 1/16
 19215 | D:8      | Bought a glowing morningstar for 175 gold pieces
 19335 | Orc      | Entered the Orcish Mines
 19355 | Orc      | Found a roughly hewn altar of Beogh.
 19361 | Orc      | Found Qeaphim's Weapon Boutique.
 19497 | Orc      | Found a roughly hewn altar of Beogh.
 19585 | Orc      | Found a viscous altar of Jiyva.
 19586 | Orc      | Found a staircase to the Slime Pits.
 19612 | Orc      | Noticed Snorg
 19624 | Orc      | Killed Snorg
 19673 | Orc      | Found a roughly hewn altar of Beogh.
 19801 | Orc      | Found a roughly hewn altar of Beogh.
 20273 | Orc      | Found a roughly hewn altar of Beogh.
 20291 | Orc      | Found Pafekh's Assorted Antiques.
 20381 | Orc      | Found a roughly hewn altar of Beogh.
 20556 | Orc      | Found Peitidem's Antique Armour Boutique.
 20557 | Orc      | Found a roughly hewn altar of Beogh.
 20558 | Orc      | Found Oxuf's Antique Weapon Shop.
 20677 | D:12     | Entered Level 12 of the Dungeon
 20753 | D:12     | Noticed Rupert
 20768 | D:12     | Killed Rupert
 20971 | D:12     | Noticed Jorgrun
 20988 | D:12     | Killed Jorgrun
 21141 | D:12     | Found a staircase to the Depths.
 21206 | D:12     | Found a blossoming altar of Fedhas.
 21573 | Swamp:1  | Entered Level 1 of the Swamp
 21776 | Swamp:1  | Gained mutation: Your magical capacity is low. (-10% MP)
                  | [potion of mutation]
 21776 | Swamp:1  | Gained mutation: You possess an exceptional clarity of
                  | mind. [potion of mutation]
 21776 | Swamp:1  | Gained mutation: Your system is resistant to poisons.
                  | (rPois) [potion of mutation]
 21776 | Swamp:1  | Gained mutation: You have claws for feet. [potion of
                  | mutation]
 22264 | Swamp:2  | Noticed a thorn hunter
 22277 | Swamp:2  | Killed a thorn hunter
 22826 | Orc      | Bought glowing gold dragon scales for 1577 gold pieces
 23353 | Swamp:2  | Found a hazy altar of Hepliaklqana.
 23376 | Swamp:2  | Noticed Donald
 23388 | Swamp:2  | Killed Donald
 23458 | Swamp:2  | Noticed Nikola
 23476 | Swamp:2  | Killed from afar by Nikola

Skill      XL: |  1  2  3  4  5  6  7  8  9 10 11 12 13 14 15 16 |
---------------+-------------------------------------------------+-----
Armour         | 3 4 5 6 7 8 9 11 | 11.5
Maces & Flails | 2 3 4 5 7 8 10 11 12 14 15 16 | 16.9
Bows           | 1 2 4 5 6 8 9 10 11 | 11.5
Dodging        | 1 2 3 4 |  4.7
Fighting       | 4 5 6 7 9 11 12 | 12.0
Stealth        | 1 2 4 |  4.1
Shields        | |  2.6

Action                   |  1- 3 |  4- 6 |  7- 9 | 10-12 | 13-15 | 16-18 || total
-------------------------+-------+-------+-------+-------+-------+-------++-------
Melee: Flail             |    68 |   115 |   240 |   709 |   811 |    14 ||  1957
       Kick              |    12 |    31 |    44 |   226 |   359 |   129 ||   801
       Morningstar       |       |       |       |       |       |   315 ||   315
 Fire: Shortbow          |       |       |       |    39 |       |   142 ||   181
Invok: Call Merchant     |       |       |       |     3 |     3 |     1 ||     7
  Use: Scroll            |     5 |     5 |    11 |     4 |     8 |     3 ||    36
       Potion            |       |       |     1 |       |     3 |     3 ||     7
 Stab: Distracted        |       |       |     1 |     4 |     8 |     1 ||    14
       Petrified         |       |       |       |       |     4 |       ||     4
  Eat: Chunk             |     3 |     9 |     1 |       |       |       ||    13
       Ration            |       |       |     5 |    10 |    11 |     6 ||    32
Armor: Scale mail        |    39 |    31 |    77 |       |       |       ||   147
       Chain mail        |       |       |    26 |   348 |   411 |   131 ||   916
       Gold dragon scale |       |       |       |       |       |    13 ||    13
Dodge: Dodged            |    26 |    59 |   130 |   286 |   354 |   138 ||   993
